AoeStats
← Red Calypso

Lombardia

509528482Analyzed
3v3 RM · 6d ago on Sep 27, 2026· 45m 41s· 6 players
Game mode
Random Map
Map size
Normal (6 player)
Population
200
Speed
Normal
Resources
Standard
Victory
Conquest
Starting age
Dark Age
Ending age
Imperial Age
RankedLock teamsTeams togetherTeam positionsShared explorationLock speedFull tech treeHidden civsTurbo modeCheats
Victory
Defeat
🇩🇪 Cumans · Germany
1474
+10
🇩🇪 Mongols · Germany
1447
+11
🇦🇹 Varangians · Austria
1393
+13
🇨🇳 Bulgarians · China
1398
-14
🇨🇳 Turks · China
1217
-7
Red Calypso
7:05 Loom
10:02 Feudal Age
10:40 Double-Bit Axe
13:28 Bloodlines
20:21 Forging
20:21 Horse Collar
21:46 Wheelbarrow
22:00 Gold Mining
25:48 Castle Age
23:51 Stone Mining
24:37 Scale Barding Armor
27:55 Chain Barding Armor
38:43 Heavy Plow
42:24 Bow Saw
42:32 Husbandry
43:08 Hand Cart
44:39 Iron Casting
47:44 Imperial Age
LukasPlanet
6:55 Loom
9:11 Feudal Age
11:19 Double-Bit Axe
11:55 Horse Collar
13:32 Wheelbarrow
14:07 Wheelbarrow
20:19 Castle Age
19:19 Scale Barding Armor
19:24 Forging
19:12 Gold Mining
21:52 Chain Barding Armor
21:57 Bow Saw
22:03 Heavy Plow
25:28 Bloodlines
27:01 Forging
28:00 Gold Shaft Mining
29:16 Hand Cart
31:56 Fletching
32:43 Iron Casting
31:58 Fletching
32:20 Stone Mining
38:14 Imperial Age
38:24 Cavalier
40:27 Blast Furnace
40:04 Plate Barding Armor
41:05 Paladin
44:36 Two-Man Saw
44:07 Crop Rotation
sunSmit
11:05 Feudal Age
14:53 Castle Age
13:04 Double-Bit Axe
13:41 Horse Collar
14:23 Fletching
14:40 Gold Mining
15:45 Fletching
16:13 Bow Saw
17:05 Loom
19:09 Wheelbarrow
21:40 Bodkin Arrow
25:34 Hand Cart
26:17 Padded Archer Armor
27:41 Town Watch
29:01 Ballistics
31:12 Heavy Plow
32:21 Stone Mining
35:29 Town Patrol
39:18 Imperial Age
37:09 Leather Archer Armor
37:13 Thumb Ring
38:32 Gold Shaft Mining
38:33 Stone Shaft Mining
38:42 Fortified Wall
39:22 Husbandry
39:32 Bloodlines
39:22 Heavy Cavalry Archer
40:33 Parthian Tactics
40:12 Bracer
42:20 Chemistry
41:31 Masonry
41:56 Caravan
42:27 Coinage
44:38 Conscription
臣等正欲死战,陛下何故先降耶?
9:54 Feudal Age
10:23 Double-Bit Axe
10:59 Horse Collar
14:59 Bloodlines
22:01 Castle Age
20:58 Gold Mining
22:32 Scale Barding Armor
24:06 Bow Saw
24:00 Heavy Plow
24:36 Gold Shaft Mining
25:54 Chain Barding Armor
27:43 Husbandry
41:21 Imperial Age
38:40 Loom
39:31 Wheelbarrow
41:27 Cavalier
42:43 Plate Barding Armor
42:23 Stone Mining
44:13 Paladin
_TY_梦涯
6:37 Loom
10:03 Feudal Age
11:09 Double-Bit Axe
13:49 Scale Barding Armor
13:55 Forging
13:54 Horse Collar
16:24 Wheelbarrow
21:57 Castle Age
21:36 Gold Mining
22:51 Bow Saw
23:03 Chain Barding Armor
22:56 Bloodlines
22:46 Husbandry
23:01 Heavy Plow
26:26 Pikeman
29:53 Iron Casting
44:58 Imperial Age
43:07 Town Watch
43:29 Stirrups
胡乱敲键盘
5:23 Loom
12:58 Feudal Age
14:11 Double-Bit Axe
17:43 Castle Age
15:29 Horse Collar
15:45 Gold Mining
22:23 Imperial Age
21:22 Bow Saw
43:55 Two-Man Saw
Connection lost

Rejoining the realm…

Still unreachable

The connection could not be restored.

Session expired

The server has moved on; the page needs a fresh start.